 Dungeon Crawl Stone Soup version 0.32-a0-290-g598725c5f2 (webtiles) character file.

Game seed: 17908900049920202466

763 Dirtsage the Changeling (level 7, 0/40 HPs)
             Began as an Octopode Shapeshifter on Feb 13, 2024.
             Was an Initiate of Gozag.
             Incinerated by a bombardier beetle (2 damage)
             ... with a burning spray
             ... on level 4 of the Dungeon.
             The game lasted 00:07:47 (3453 turns).

Dirtsage the Changeling (Octopode Shapeshifter)     Turns: 3453, Time: 00:07:48

Health: 0/40       AC:  1    Str: 14    XL:     7   Next: 81%
Magic:  7/7        EV: 18    Int: 12    God:    Gozag
Gold:   63         SH:  0    Dex: 13    Spells: 6/6 levels left

rFire   . .          .
                       - Unarmed
rCold   . . .        (shield currently unavailable)
rNeg    . . .        (helmet restricted)
rPois   .            (no amulet)
rElec   .            (no ring)
rCorr   .            (no ring)
SInv    .            (no ring)
Will    .....        (no ring)
Stlth   +            (no ring)
HPRegen 0.26/turn    (no ring)
MPRegen 0.10/turn    (no ring)
                     (no ring)

%: no passive effects
@: brilliant, on fire, flux-form, gold aura, glowing
A: glow, contaminating, reduced hp, almost no armour, amphibious, 8 rings,
camouflage 1, gelatinous body 1, (nimble swimmer 1), tentacles
a: Begin Untransformation, Renounce Religion, Potion Petition, Call Merchant,
Bribe Branch


You were on level 4 of the Dungeon.
You worshipped Gozag.
Gozag was noncommittal.
You were something dangerously unstable.
You visited 2 branches of the dungeon, and saw 6 of its levels.

You collected 294 gold pieces.
You spent 170 gold pieces at shops.
You paid 61 gold pieces to Gozag.

Inventory:

Magical Staves
 f - a staff of earth
 l - a staff of cold
Talismans
 b - a beast talisman
 c - a flux talisman (active)
 e - a maw talisman
Wands
 k - a wand of charming (4)
 m - a wand of iceblast (18)
 u - a wand of polymorph (6)
Scrolls
 d - a scroll of enchant armour {unknown}
 h - 2 scrolls of blinking {unknown}
 i - 5 scrolls of identify
 j - a scroll of noise {unknown}
 o - a scroll of vulnerability {unknown}
 s - a scroll of fear {unknown}
 t - 4 scrolls of teleportation
 v - 3 scrolls of amnesia {unknown}
Potions
 a - a potion of lignification
 g - 2 potions of attraction
 n - a potion of ambrosia {unknown}
 p - a potion of degeneration {unknown}
 r - a potion of brilliance


   Skills:
 + Level 3.7 Fighting
 + Level 4.2 Dodging
 + Level 4.7 Unarmed Combat
 * Level 5.7 Shapeshifting


You had 6 spell levels left.
You didn't know any spells.
Your spell library contained the following spells:

 Spells                   Type           Power      Damage    Failure   Level
 Lesser Beckoning         Tloc           0%         N/A       45%         2
 Gell's Gravitas          Tloc           0%         N/A       69%         3
 Teleport Other           Tloc           0%         N/A       69%         3


Dungeon Overview and Level Annotations

Branches:
Dungeon (5/15)             Temple (1/1) D:4

Altars:
Ashenzari
Cheibriados
Dithmenos
Elyvilon
Fedhas
Gozag
Hepliaklqana
Kikubaaqudgha
Makhleb
Nemelex Xobeh
Okawaru
Qazlal
Sif Muna
Uskayaw
Vehumet
Wu Jian
Xom
Yredelemnul
Zin
The Shining One

Shops:
D:1 ([:!   D:4 ???


Innate Abilities, Weirdness & Mutations

You are something dangerously unstable.
You glow with magical radiation, making you easy to see and hit.
Foes you strike become dangerously contaminated with magical radiation.
Your maximum health is decreased, since you lack skill for your form.
You are incapable of wielding weapons or throwing items.
You cannot wear most types of armour.
You are amphibious.
You can wear up to eight rings at the same time.
Your skin changes colour to match your surroundings (Stealth+).
Your rubbery body absorbs attacks. (AC +1, EV +1)
((You are camouflaged when in or above water. (Stealth+)))
You have tentacles for arms and can constrict up to eight enemies at once.


Message History

You tentacle-slap the orc.
The orc begins to glow.
You grab the orc.
The orc is lightly wounded.
You constrict the orc. The orc hits you with a +0 club.
You take 1 damage, and have 12/39 hp.
You tentacle-slap the orc.
The orc glows dangerously bright.
The orc is almost dead.
You constrict the orc.
You kill the orc!
The orc is distracted by your dazzling golden aura.
You tentacle-slap the scorpion but do no damage.
The scorpion begins to glow.
You grab the scorpion.
You constrict the scorpion, but do no damage.
The scorpion completely misses you.
You tentacle-slap the scorpion.
The scorpion glows dangerously bright.
You squeeze the scorpion.
The scorpion is moderately wounded.
You constrict the scorpion. The scorpion barely misses you. x2
You tentacle-slap the scorpion but do no damage.
The scorpion shudders as magic cascades through it!
You kill the scorpion!
The orc is no longer distracted by gold.
The bombardier beetle sprays incendiary fluid at you.
The burning spray hits you.
You are covered in liquid fire!
Okay, then.
You shake off some of the fire as you move.
The liquid fire burns you!
* * * LOW HITPOINT WARNING * * *
Something hits you.
* * * LOW HITPOINT WARNING * * *
You take 7 damage, and have 6/40 hp.
You shake off some of the fire as you move.
The liquid fire burns you!
* * * LOW HITPOINT WARNING * * *
You take 4 damage, and have 2/40 hp.
It was a potion of brilliance.
You feel clever all of a sudden. The liquid fire burns you!
You die...
Your body crumbles into a pile of gold.

#.......'..).>....'..........○
#.....###.........###.....#...
#.....# ##.......## #.#.#.#...
#.###.# ##.....## #.#.).#.##
#.###.# ##oo.## #.#)###.#
#.....# ##B## #∩....÷.#
#.##### #.# ###.##### #.# #{#
#.# #.# ##p#########.# #.#
##............# #.#
####.....######### #.#
#...#....# #.######...##.#.#
#...............#
#################


You could see a bombardier beetle and 2 orcs.

Vanquished Creatures
  A phantom (D:3)
  Blork the orc (D:4)
  2 scorpions (D:4)
  2 hounds (D:4)
  A jelly (D:4)
  A sleepcap (D:4)
  Jessica (D:2)
  Ijyb (D:3)
  Natasha (twice) (D:2)
  3 gnolls (D:3)
  8 adders
  2 dart slugs (D:2)
  3 ribbon worms
  11 orcs
  8 ball pythons
  10 endoplasms
  2 giant cockroaches (D:1)
  4 goblins
  8 hobgoblins
  6 jackals (D:4)
  7 quokkas
  4 bats
  2 frilled lizards
  8 kobolds
  5 rats
103 creatures vanquished.

Vanquished Creatures (others)
  An orc (D:4)
1 creature vanquished.

Grand Total: 104 creatures vanquished

Notes
Turn   | Place    | Note
-------+----------+-------------------------------------------
     0 | D:1      | Dirtsage the Octopode Shapeshifter began the quest for the
                  | Orb.
     0 | D:1      | Reached XP level 1. HP: 13/13 MP: 1/1
    56 | D:1      | Reached XP level 2. HP: 11/18 MP: 2/2
   158 | D:1      | Reached XP level 3. HP: 23/23 MP: 3/3
   218 | D:1      | Found Emaiteiz's Armour Shop.
   224 | D:1      | Found Uguiptad's Antique Weapon Boutique.
   267 | D:1      | Found Asojye's Book Boutique.
   322 | D:1      | Found a faded altar of an unknown god.
   478 | D:1      | Found Irgheem's Distillery.
   481 | D:1      | Bought a potion of attraction for 36 gold pieces
   481 | D:1      | Bought a potion of curing for 36 gold pieces
   559 | D:2      | Reached XP level 4. HP: 21/29 MP: 4/4
   566 | D:2      | Noticed Jessica
   571 | D:2      | Killed Jessica
   674 | D:2      | Noticed Natasha
   680 | D:2      | Killed Natasha
   681 | D:2      | Reached skill level 4 in Shapeshifting
   681 | D:2      | Reached XP level 5. HP: 25/34 MP: 5/5
   949 | D:2      | Noticed Natasha
   957 | D:2      | Killed Natasha
  1173 | D:2      | You fall into a shaft and drop 2 floors!
  1237 | D:4      | Found Huid's Magic Scroll Shoppe.
  1248 | D:4      | Reached XP level 6. HP: 24/41 MP: 6/6
  1331 | D:4      | Bought a scroll of identify for 28 gold pieces
  1335 | D:4      | Found a radiant altar of Vehumet.
  1354 | D:4      | Found a staircase to the Ecumenical Temple.
  1398 | Temple   | Entered the Ecumenical Temple
  1764 | D:3      | Found an ancient bone altar of Kikubaaqudgha.
  1764 | D:3      | Found a hazy altar of Hepliaklqana.
  1821 | D:3      | Found a basalt altar of Yredelemnul.
  2130 | D:3      | Reached skill level 5 in Shapeshifting
  2130 | D:3      | Reached XP level 7. HP: 41/46 MP: 7/7
  2305 | Temple   | Became a worshipper of Gozag Ym Sagoz the Greedy
  2368 | D:4      | Found Qoffobeh's Magic Scroll Emporium.
  2378 | D:4      | Bought a scroll of identify for 20 gold pieces
  2795 | D:4      | Noticed Blork the orc
  2801 | D:4      | Killed Blork the orc
  2875 | D:4      | Found Odoatwoe's Magic Scroll Emporium.
  2878 | D:4      | Bought a scroll of teleportation for 30 gold pieces
  2878 | D:4      | Bought a scroll of identify for 20 gold pieces
  2881 | D:4      | Noticed Ijyb
  3051 | D:3      | Killed Ijyb
  3430 | D:5      | Entered Level 5 of the Dungeon
  3452 | D:4      | HP: 1/40 [burnt (5)]
  3453 | D:4      | Incinerated by a bombardier beetle

Illustrated notes

Levels and vault maps discovered:
D:1:      lemuel_arrival_river_bridge, layout_rooms,
          shapermc_ecumenical_altar_petra, serial_shops, nicolae_shop_crystal,
          shop, nicolae_shop_behind_doors, shop, kennysheep_crisscross
D:2:      minmay_recursive_quarters, layout_basic, uniq_jessica, uniq_natasha,
          uniq_crazy_yiuf_cottage
D:3:      layout_basic, yredelemnul_altar_generic,
          mainiacjoe_overflow_divided_tiny
D:4:      layout_loops_corners, fiery_altar_vehumet, minmay_temple_entry_glass,
          serial_shops, shop, nicolae_shop_tiny_glass, shop, uniq_ijyb,
          uniq_blork_the_orc
D:5:      dreamdust_elfheim, layout_rooms, enter_ossuary_4, uniq_eustachio,
          uniq_menkaure, uniq_sigmund
Temple:   regret_index_temple_sphere_string

Skill      XL: |  1  2  3  4  5  6  7 |
---------------+----------------------+-----
Fighting       | 2 3 |  3.7
Shapeshifting  | 4 5 |  5.7
Dodging        | 3 4 |  4.2
Unarmed Combat | 4 |  4.7

Action                     |  1- 3 |  4- 6 |  7- 9 || total
---------------------------+-------+-------+-------++-------
  Melee: Unarmed           |    47 |   108 |    73 ||   228
         Constrict         |    13 |    31 |    13 ||    57
         Tentacles         |     7 |    23 |    11 ||    41
         Punch             |     1 |     2 |       ||     3
  Evoke: Wand              |       |     1 |     5 ||     6
    Use: Potion            |       |     1 |     2 ||     3
   Stab: Sleeping          |     4 |     5 |       ||     9
         Distracted        |       |       |     1 ||     1
 Armour: Skin              |    14 |    42 |    39 ||    95
  Dodge: Dodged            |    27 |    56 |    59 ||   142
   Form: Flux              |       |       |     1 ||     1

Table legend: (Time is in decaauts)
 A = Elapsed time spent in this place.
 B = Non-inter-level travel time spent in this place.
 C = Inter-level travel time spent in this place.
 D = Time resting spent in this place.
 E = Time spent auto-exploring this place.
 F = Levels seen in this place.
 G = Mean time per level.
                   A        B        C        D        E       F      G
               +--------+--------+--------+--------+--------+-----+--------+
         Total |   3419 |   3324 |     95 |     50 |   2558 |   6 |  569.8 |
       Dungeon |   3300 |   3225 |     75 |     50 |   2480 |   5 |  660.0 |
        Temple |    119 |    100 |     19 |      0 |     78 |   1 |  119.0 |
               +--------+--------+--------+--------+--------+-----+--------+

Top non-repeatable levels by time:
     D:4: 1278 daAuts
     D:3: 850 daAuts
     D:2: 617 daAuts
     D:1: 549 daAuts
  Temple: 119 daAuts
     D:5: 4 daAuts
